Map: Dasan Station LE

Players

Tenonee - Winner!

  • Race: Terran Terran

Hwaraang

  • Race: Terran Terran
  • League: Platinum

VOD

Have the link to the VOD?

Description

Time

  • Played on: July 18, 2016, 4:57 a.m.
  • Length: 13:31
Show
View Real Time Build Order
Export as new Build Order

Tenonee Terran - Winner!

Build Orders: MMM Bio 

Get SALT Encoding   

  12  0:03  SCV  
  13  0:16  SCV  
  13  0:19  Supply Depot  
  14  0:28  SCV  
  15  0:41  SCV  
  16  0:44  Barracks  
  16  0:53  SCV  
  17  1:05  SCV  
  18  1:20  SCV  
  18  1:33  Marine  
  18  1:35  Orbital Command  
  18  1:38  Command Center  
  19  1:47  Barracks  
  19  1:54  Marine  
  20  2:01  SCV  
  20  2:04  Refinery  
  21  2:11  Supply Depot  
  21  2:12  Marine  
  21  2:14  SCV  
  23  2:32  Marine  
  23  2:33  SCV  
  23  2:36  Marine  
  26  2:45  SCV  
  27  2:51  Refinery  
  27  2:54  Barracks Tech Lab, Marine  
  27  2:55  Barracks  
  28  2:58  Orbital Command  
  28  3:01  SCV  
  29  3:12  Marine  
  30  3:13  SCV  
  30  3:16  Marine  
  30  3:19  Engineering Bay  
  32  3:25  SCV  
  32  3:26  SCV  
  34  3:30  Stimpack  
  35  3:35  Barracks Reactor  
  35  3:37  SCV  
  35  3:38  SCV  
  35  3:40  Marine  
  37  3:49  SCV  
  37  3:50  SCV  
  37  3:51  Missile Turret  
  37  3:54  Missile Turret  
  39  3:59  Marine x2  
  41  4:07  Factory  
  41  4:13  Marine x2  
  41  4:14  SCV x2  
  41  4:16  Supply Depot  
  45  4:19  Terran Infantry Weapons Level 1  
  45  4:26  SCV  
  45  4:27  Barracks Reactor  
  46  4:36  Supply Depot  
  46  4:37  Marine x2  
  48  4:41  Supply Depot  
  48  4:46  Marine  
  48  4:52  Factory Reactor, Starport  
  49  4:55  Marine x2  
  49  4:56  SCV x2  
  49  4:57  Factory Tech Lab  
  53  5:14  Marine x5  
  53  5:16  SCV x2  
  53  5:20  Supply Depot  
  60  5:28  SCV  
  60  5:30  Siege Tank  
  60  5:31  Combat Shields, Marine  
  60  5:32  Marine x2  
  67  5:42  Barracks Reactor, SCV  
  68  5:49  SCV  
  69  5:51  Command Center, Medivac  
  69  5:54  SCV  
  69  5:56  Refinery  
  72  6:01  SCV  
  72  6:02  Marine x3  
  76  6:06  SCV  
  77  6:18  Supply Depot  
  77  6:19  Supply Depot, Marine  
  77  6:21  Refinery  
  78  6:26  Siege Tank  
  78  6:29  Marine x3  
  78  6:30  Marine  
  78  6:32  Supply Depot  
  85  6:37  Marine  
  86  6:52  SCV x2  
  88  6:55  Supply Depot  
  88  6:56  Terran Infantry Armor Level 1  
  88  7:00  Armory  
  88  7:01  Engineering Bay  
  88  7:04  SCV  
  68  7:26  Marine x2  
  68  7:27  Marine x2  
  68  7:28  Siege Tank  
  68  7:29  Medivac x2  
  70  7:44  Marine  
  70  7:50  Barracks  
  69  7:51  Terran Infantry Weapons Level 2  
  69  7:53  Barracks  
  69  7:55  Barracks  
  68  7:59  Medivac  
  64  8:10  Marine x5  
  65  8:24  Orbital Command  
  65  8:27  Marine  
  65  8:28  Marine x4  
  70  8:35  Refinery  
  70  8:39  Refinery  
  70  8:42  Marine x3  
  70  8:44  Terran Vehicle Weapons Level 1  
  70  8:45  Marine  
  70  8:46  Marine x4  
  78  9:00  Marine x3  
  81  9:03  Marine x2  
  81  9:04  Marine x3  
  78  9:17  Marine  
  78  9:18  Marine x2  
  78  9:21  Marine  
  70  9:38  Marine x2  
  70  9:39  Marine x4  
  70  9:41  Marine  
  76  9:46  Marine  
  77  9:56  Marine x3  
  77  9:57  Marine  
  84  10:06  Marine  
  83  10:09  Barracks Reactor  
  83  10:10  Barracks Reactor  
  83  10:11  Barracks Tech Lab, Terran Infantry Armor Level 2, Terran Infantry Weapons Level 3  
  83  10:14  Marine x3  
  80  10:18  Marine  
  80  10:24  Marine  
  80  10:26  Siege Tank, Orbital Command  
  79  10:32  Marine x2  
  79  10:35  Marine x2  
  81  10:36  Marine  
  84  10:47  Supply Depot  
  84  10:48  Supply Depot  
  84  10:49  Marine  
  85  10:51  Liberator  
  85  10:54  Marine  
  85  11:02  Command Center  
  85  11:07  Supply Depot x2  
  85  11:08  SCV, Marine x2, Medivac  
  85  11:09  Marine x5  
  85  11:10  SCV x2  
  100  11:18  Marine x2  
  101  11:28  Supply Depot, Marine x3, Siege Tank, SCV x2  
  109  11:34  SCV  
  110  11:40  SCV x2  
  110  11:46  SCV  
  113  11:48  Marine x4  
  113  11:49  Marine x6  
  113  11:52  SCV  
  124  11:56  Liberator  
  124  12:06  Marine  
  125  12:13  Marine x3  
  125  12:14  Marine, Medivac, SCV x3  
  137  12:18  Marine x3  
  140  12:29  Supply Depot  
  140  12:30  Supply Depot, Marine x3, SCV  
  140  12:32  Supply Depot  
  140  12:35  Marine x3  
  140  12:36  Marine  
  146  12:44  Marine  
  146  12:45  Marine x2  
  146  12:47  Marine x3  
  152  12:53  Marine  
  152  12:55  Marine  
  154  13:03  Marine x2  
  154  13:04  Marine  
Show
View Real Time Build Order
Export as new Build Order

Hwaraang Terran 

Build Orders: MMM Bio 

Get SALT Encoding   

  12  0:01  SCV  
  13  0:17  Supply Depot  
  13  0:20  SCV  
  14  0:33  SCV  
  15  0:40  Barracks  
  15  0:45  SCV  
  15  0:49  Refinery  
  16  0:57  SCV  
  17  1:09  SCV  
  18  1:21  SCV  
  18  1:25  Supply Depot  
  18  1:33  Orbital Command  
  18  1:35  Marine  
  18  1:39  Refinery  
  19  1:54  Marine  
  19  1:59  SCV  
  21  2:07  Command Center  
  21  2:11  SCV  
  22  2:22  Barracks Tech Lab, Factory  
  22  2:29  SCV  
  23  2:42  Barracks  
  23  2:44  Supply Depot  
  23  2:45  SCV  
  23  2:51  Stimpack  
  24  2:52  Marine  
  25  2:59  SCV  
  26  3:07  Supply Depot  
  26  3:11  SCV  
  27  3:19  Orbital Command  
  27  3:25  Factory Tech Lab  
  27  3:27  Marine  
  28  3:35  Starport  
  28  3:37  SCV  
  29  3:44  Marine  
  29  3:47  Siege Tank  
  33  3:54  SCV x2  
  35  4:01  Marine  
  36  4:03  Barracks Reactor  
  36  4:06  SCV x2  
  38  4:12  Barracks  
  38  4:18  Marine, SCV x2  
  38  4:20  Siege Tank  
  44  4:26  Medivac  
  46  4:35  SCV  
  46  4:36  SCV  
  48  4:40  Supply Depot, Marine x2  
  48  4:42  Marine  
  51  4:49  Engineering Bay  
  51  4:50  Engineering Bay  
  51  4:51  SCV  
  51  4:52  SCV  
  53  4:57  Refinery  
  53  4:58  Medivac  
  55  5:01  Barracks Reactor  
  55  5:04  SCV x2  
  57  5:10  Supply Depot  
  57  5:11  Marine x2  
  57  5:12  Marine  
  60  5:15  Combat Shields  
  60  5:16  SCV x2  
  62  5:24  Terran Infantry Weapons Level 1  
  62  5:28  SCV x2  
  64  5:29  Terran Infantry Armor Level 1  
  64  5:31  Refinery  
  64  5:36  Marine x2  
  64  5:37  Marine  
  64  5:38  Marine x2  
  64  5:40  SCV x2  
  71  5:47  Supply Depot  
  71  5:48  Supply Depot  
  71  5:52  SCV x2  
  73  6:01  Marine x2  
  73  6:02  Marine x3  
  78  6:08  Viking, Siege Tank  
  78  6:10  Supply Depot  
  78  6:11  Supply Depot  
  83  6:13  SCV x2  
  85  6:19  Marine  
  85  6:20  Marine x3  
  85  6:21  Marine  
  90  6:33  Supply Depot  
  90  6:34  Supply Depot  
  90  6:37  Marine  
  90  6:39  Starport Reactor, Marine  
  92  6:40  Marine x2  
  92  6:41  Marine  
  92  6:44  Siege Tank  
  98  6:55  Command Center, Marine  
  98  6:59  Supply Depot  
  99  7:01  Supply Depot  
  99  7:05  Marine  
  99  7:06  Marine x3  
  62  7:29  SCV x2  
  61  7:33  Reaper  
  62  7:37  Refinery  
  62  7:41  SCV x2  
  64  7:46  Marine x4  
  64  7:47  Siege Tank  
  68  8:04  Marine x4  
  68  8:05  Armory  
  66  8:25  Marine  
  66  8:26  Marine x4  
  71  8:28  Medivac, Siege Tank  
  76  8:42  SCV x2  
  76  8:43  Marine x2  
  76  8:44  Marine x3  
  83  8:54  SCV, Terran Infantry Armor Level 2, Orbital Command  
  83  8:55  SCV  
  85  8:58  Terran Infantry Weapons Level 2  
  85  9:00  Supply Depot  
  85  9:01  Marine  
  86  9:07  SCV  
  78  9:15  Marine x2  
  78  9:16  Marine x2  
  71  9:19  Marine  
  57  9:33  Marine x4  
  57  9:37  Marine  
  52  9:50  Siege Tank  
  52  9:51  Medivac x2, Marine x4  
  57  9:54  Marine, SCV x2  
  57  10:10  Marine x2, SCV x2  
  52  10:28  SCV  
  42  10:40  SCV  
  43  10:43  Orbital Command  
  43  10:52  SCV  
  43  11:15  Marine x5  
  47  11:21  SCV  
  47  11:23  SCV  
  49  11:33  Marine x4  
  99  11:40  Orbital Command  
  53  11:50  Missile Turret  
  53  11:55  Marine x5  
  58  12:04  SCV  
  58  12:07  Refinery  
  59  12:11  Viking  
  59  12:13  Marine x5  
  66  12:16  SCV  
  67  12:25  Siege Tank  
  67  12:26  Medivac  
  72  12:30  Marine  
  72  12:31  Marine x3  
  66  12:44  Marine  
  66  12:48  Marine x2  
  66  12:49  Marine x2  
  71  12:58  SCV x2  
  71  13:02  Marine  
  74  13:06  Marine  
  74  13:10  SCV  
  76  13:14  Supply Depot  
Tags
 
Add a new tag
Caveats
  • Supply blocks, unpowered buildings, or Contaminate may cause inaccurate times.
  • Supply counts are checked every 10 seconds.